 Dungeon Crawl Stone Soup version 0.30.1-10-g1249ef9ec4 (webtiles) character file.

Game seed: 2145080796326294715

82 H0rd4k the Charlatan (level 4, 0/32 HPs)
             Began as a Human Artificer on Oct 26, 2023.
             Slain by a river rat (5 damage)
             ... in a sewer.
             The game lasted 00:03:49 (2276 turns).

H0rd4k the Charlatan (Human Artificer)              Turns: 2276, Time: 00:03:49

Health: 0/32       AC:  4    Str: 18    XL:     4   Next: 70%
Magic:  4/4        EV: 12    Int: 14    God:
Gold:   95         SH:  0    Dex: 13    Spells: 3/3 levels left

rFire   . . .        i - +0 mace
rCold   . . .        (no shield)
rNeg    . . .        b - +0 leather armour
rPois   .            g - +0 helmet
rElec   .            (no cloak)
rCorr   .            (no gloves)
SInv    .            (no boots)
Will    .....        (no amulet)
Stlth   +            p - +6 ring of strength
HPRegen 0.25/turn    (no ring)
MPRegen 0.09/turn

%: no passive effects
@: lethally poisoned (0 -> -3), very slow
A: no striking features
a: no special abilities


You were in a sewer.
You visited 1 branch of the dungeon, and saw 3 of its levels.
You also visited: Sewer.

You collected 95 gold pieces.

Inventory:

Hand Weapons
 i - a +0 mace (weapon)
Missiles
 q - 5 poisoned darts
Armour
 b - a +0 leather armour (worn)
 g - a +0 helmet (worn)
Jewellery
 p - a +6 ring of strength (left hand)
Wands
 c - a wand of flame (14) (quivered)
 d - a wand of charming (10)
 e - a wand of iceblast (5)
Scrolls
 a - 3 scrolls of teleportation {unknown}
 f - 2 scrolls of blinking {unknown}
 j - a scroll of enchant weapon {unknown}
 l - a scroll of acquirement {unknown}
 m - a scroll of silence {unknown}
 n - 2 scrolls of immolation {unknown}
 r - a scroll of identify {unknown}
Potions
 h - a potion of brilliance {unknown}
 k - a potion of mutation {unknown}
 o - a potion of heal wounds {unknown}
 s - a potion of cancellation {unknown}
 t - a potion of might {unknown}
 u - 2 potions of berserk rage {unknown}
 v - a potion of magic {unknown}


   Skills:
 + Level 1.4 Fighting
 + Level 2.0 Maces & Flails
 - Level 2.0 Armour
 + Level 2.0 Dodging
 - Level 1.0 Stealth
 + Level 3.9 Evocations


You had 3 spell levels left.
You didn't know any spells.
Your spell library contained the following spells:

 Spells                   Type           Power      Damage    Failure   Level
 Slow                     Hex            0%         N/A       34%         1
 Ensorcelled Hibernation  Hex/Ice        0%         N/A       45%         2
 Scorch                   Fire           0%         2d5       45%         2
 Confusing Touch          Hex            0%         N/A       71%         3
 Spider Form              Tmut/Pois      0%         N/A       71%         3
 Vampiric Draining        Necr           0%         2d6       71%         3
 Anguish                  Hex/Necr       0%         N/A       98%         4
 Flame Wave               Conj/Fire      0%         2d4       98%         4
 Summon Cactus Giant      Summ           0%         N/A       100%        6


Dungeon Overview and Level Annotations

Branches:
Dungeon (3/15)              Sewer (1/1)

Altars:
Elyvilon
Trog

Annotations:
D:2 1 runed translucent door, exclusion: door, Crazy Yiuf


Message History

a rat corpse; a rat corpse; a rat corpse The adder attacks as you move away!
The adder misses you.
You feel sick. The adder barely misses you. The adder bites you.
The adder bites you but does no damage.
Your unstable footing causes you to fumble your attack.
You feel sick. The adder barely misses you. The adder completely misses you.
The adder bites you.
You are more poisoned.
The adder poisons you!
You miss the adder.
You feel sick. The adder closely misses you. The adder misses you.
The adder bites you.
You are more poisoned.
The adder poisons you! The adder closely misses you.
You barely miss the adder.
You feel very sick. The adder closely misses you.
The adder bites you but does no damage. x2
The river rat misses you.
You hit the adder.
The adder is heavily wounded.
You feel sick. The adder bites you. The adder completely misses you.
The river rat barely misses you.
The adder bites you but does no damage. x2
Aiming: Charm
Press: ? - help, Shift-Dir - straight line, f - adder
Aim: an adder (water, chance to affect: 67%)
The adder is charmed.
You feel sick. The river rat barely misses you. The adder bites you.
Unknown command.
Your unstable footing causes you to fumble your attack.
You feel sick.
Your adder bites the adder but does no damage.
The adder closely misses you. The river rat bites you.
* * * LOW HITPOINT WARNING * * *
Your adder barely misses the adder.
The adder bites you.
* * * LOW HITPOINT WARNING * * *
You are more poisoned.
The adder poisons you!
* * * LOW HITPOINT WARNING * * *
You feel sick.
Your adder barely misses the adder.
The adder completely misses your adder. The river rat bites you.
You die...

.. ..# ...#
r.r.####################
......~≈≈≈≈~≈~.~~≈~≈≈..###
.....~≈≈~~Sr@≈≈~~~≈~≈~...##
.....~~≈≈~S#~~#≈≈≈~~≈~....#
#....~~r~~~~≈≈≈≈≈≈~≈~~.†..#
##...~≈~~≈≈≈≈≈≈≈≈≈≈≈~~....##
###.#≈≈≈≈≈≈≈≈≈≈≈≈≈≈≈#.....#
# ##################....#
##.†.## ##...# #...#


You could see an adder (ally target), a river rat, a rat and a friendly adder
(charmed).

Vanquished Creatures
  A river rat (Sewer)
  A worm (D:3)
  5 ball pythons
  2 endoplasms
  4 giant cockroaches
  5 goblins
  6 hobgoblins
  3 jackals (D:2)
  2 quokkas (D:1)
  7 bats
  5 frilled lizards
  A kobold (D:3)
  15 rats
57 creatures vanquished.

Vanquished Creatures (collateral kills)
  A gnoll (D:3)
  3 rats (Sewer)
4 creatures vanquished.

Vanquished Creatures (others)
  A gnoll (D:3)
  An adder (Sewer)
2 creatures vanquished.

Grand Total: 63 creatures vanquished

Notes
Turn   | Place    | Note
-------+----------+-------------------------------------------
     0 | D:1      | H0rd4k the Human Artificer began the quest for the Orb.
     0 | D:1      | Reached XP level 1. HP: 15/15 MP: 1/1
   270 | D:1      | Reached XP level 2. HP: 19/21 MP: 2/2
   641 | D:1      | Reached XP level 3. HP: 26/26 MP: 3/3
   737 | D:2      | Found a bloodstained altar of Trog.
  1489 | D:2      | Found a runed translucent door.
  1490 | D:2      | Noticed Crazy Yiuf
  1657 | D:3      | Reached skill level 1 in Maces & Flails
  1721 | D:3      | Reached XP level 4. HP: 30/32 MP: 4/4
  1750 | D:3      | Found a white marble altar of Elyvilon.
  2011 | D:3      | Found a glowing drain.
  2021 | Sewer    | Entered a sewer
  2276 | Sewer    | Slain by a river rat

Illustrated notes

Levels and vault maps discovered:
D:1:      dpeg_arrival_radiant, layout_basic
D:2:      layout_basic, basic_altar, uniq_crazy_yiuf_cottage
D:3:      layout_loops_cross, nicolae_overflow_crystal_walls,
          portal_sewer_entry_b
Sewer:    sewer_minmay_w

Skill      XL: |  1  2  3  4 |
---------------+-------------+-----
Maces & Flails | 1 2 |  2.0
Dodging        | 2 |  2.0
Fighting       | |  1.4
Armour         | |  2.0
Stealth        | |  1.0
Evocations     | |  3.9

Action                     |  1- 3 |  4- 6 || total
---------------------------+-------+-------++-------
  Melee: Club              |    41 |       ||    41
         Mace              |   106 |    61 ||   167
  Evoke: Wand              |     1 |     5 ||     6
   Stab: Sleeping          |     3 |       ||     3
 Armour: Leather armour    |    59 |    45 ||   104
  Dodge: Dodged            |   115 |    91 ||   206
